 Dungeon Crawl Stone Soup version 0.18.1-50-g88ac8fd (webtiles) character file.

112 negitausen the Skirmisher (level 4, -4/37 HPs)
             Began as a Demonspawn Berserker on Oct 5, 2016.
             Was a Believer of Trog.
             Slain by a worm (7 damage)
             ... on level 2 of the Dungeon.
             The game lasted 00:08:10 (1179 turns).

negitausen the Skirmisher (Demonspawn Berserker)    Turns: 1179, Time: 00:08:11

Health: -4/37      AC:  7    Str: 19    XL:     4   Next: 63%
Magic:  4/4        EV: 11    Int:  8    God:    Trog [**....]
Gold:   31         SH:  0    Dex: 12    Spells: 0 memorised, 3 levels left

rFire  . . .     SeeInvis .     a - +0 mace
rCold  . . .     Gourm    .     d - +0 ring mail
rNeg   . . .     Faith    .     (no shield)
rPois  .         Spirit   .     (no helmet)
rElec  .         Dismiss  .     (no cloak)
rCorr  .         Reflect  .     (no gloves)
SustAt .         Harm     .     (no boots)
MR     .....                    (no amulet)
Stlth  +.........               (no ring)
                                (no ring)

@: not resistant to hostile enchantments, very unstealthy
A: talons 2, yellow scales 1
a: Berserk, Trog's Hand, Burn Spellbooks, Renounce Religion


You were on level 2 of the Dungeon.
You worshipped Trog.
Trog was pleased with you.
You were not hungry.

You visited 1 branch of the dungeon, and saw 2 of its levels.

You collected 31 gold pieces.

Inventory:

Hand Weapons
 a - a +0 mace (weapon)
Armour
 b - a +0 animal skin
 d - a +0 ring mail (worn)
Scrolls
 e - 2 scrolls of immolation
 g - 5 scrolls of identify
Comestibles
 c - a bread ration
 f - a royal jelly


   Skills:
 + Level 3.7 Fighting
 + Level 3.4 Maces & Flails
 + Level 2.4 Armour
 + Level 2.8 Dodging


You had 3 spell levels left.
You didn't know any spells.

Dungeon Overview and Level Annotations

Branches:
Dungeon (2/15)

Altars:
Makhleb
Qazlal


Innate Abilities, Weirdness & Mutations

You have razor-sharp toenails.
You are partially covered in yellow scales (AC +2).


Message History

You hit the worm but do no damage. You claw the worm, but do no damage.
The worm bites you but does no damage.
You hit the worm. You claw the worm, but do no damage.
The worm is lightly wounded.
You hit the worm. Your kick misses the worm.
The worm is heavily wounded.
The worm bites you!
* * * LOW HITPOINT WARNING * * *
You sock the worm! You claw the worm.
The worm is almost dead.
The worm bites you.
* * * LOW HITPOINT WARNING * * *
You completely miss the worm. You claw the worm, but do no damage.
The worm is heavily wounded.
The worm bites you.
* * * LOW HITPOINT WARNING * * *
You hit the worm. You claw the worm, but do no damage.
The worm is heavily wounded.
The worm bites you!
You die...

# #.. ...# #.#.#
#..# ##.#.# #..#
#..... #..#
#.#.####..####..#
#...............#
#.....########.##
#...w.# #..@..#
#.....# ###†###
##.#######
#.........
##.#...#####
#.###..# .#
##.#...# ..
#....#


You could see a worm.

Vanquished Creatures
  Ijyb (D:2)
  5 adders (D:2)
  A worm (D:2)
  3 dart slugs
  2 giant geckos (D:2)
  2 giant cockroaches
  2 goblins
  A hobgoblin (D:1)
  4 jackals (D:2)
  4 bats
  3 giant newts
  7 kobolds
  2 rats (D:1)
37 creatures vanquished.

Notes
Turn   | Place    | Note
--------------------------------------------------------------
     0 | D:1      | negitausen the Demonspawn Berserker began the quest for the Orb.
     0 | D:1      | Reached XP level 1. HP: 18/18 MP: 1/1
   282 | D:1      | Gained mutation: You have sharp toenails. [demonic ancestry]
   282 | D:1      | Reached XP level 2. HP: 23/24 MP: 2/2
   618 | D:2      | Gained mutation: You are partially covered in yellow scales (AC +2). [demonic ancestry]
   618 | D:2      | Reached XP level 3. HP: 18/29 MP: 3/3
   699 | D:2      | Reached ** piety under Trog
   975 | D:2      | Gained mutation: You have razor-sharp toenails. [demonic ancestry]
   975 | D:2      | Reached XP level 4. HP: 32/35 MP: 4/4
  1048 | D:2      | Found a burning altar of Makhleb.
  1048 | D:2      | Found a stormy altar of Qazlal.
  1056 | D:2      | Noticed Ijyb
  1079 | D:2      | Killed Ijyb
  1179 | D:2      | Slain by a worm

Skill      XL: |  1  2 |
---------------+-------+-----
Maces & Flails | 3 |  3.4
Dodging        | 2 |  2.8
Armour         | 2 |  2.4
Fighting       | |  3.7

Action                   |  1- 3 |  4- 6 || total
-------------------------+-------+-------++-------
Melee: Mace              |   109 |    56 ||   165
       Kick              |    16 |    14 ||    30
  Use: Scroll            |     3 |     1 ||     4
       Potion            |     3 |       ||     3
  Eat: Bread ration      |       |     1 ||     1
Armor: Ring mail         |    53 |    45 ||    98
Dodge: Dodged            |    77 |    58 ||   135
